 Dungeon Crawl Stone Soup version 0.19.0-2-gae57169 (webtiles) character file.

10252 Gingerlord the Fighter (level 11, -2/87 HPs)
             Began as a Human Wanderer on Nov 7, 2016.
             Was an Elder of Okawaru.
             Slain by a wolf (7 damage)
             ... on level 1 of the Lair of Beasts.
             The game lasted 00:36:21 (15949 turns).

Gingerlord the Fighter (Human Wanderer)            Turns: 15949, Time: 00:36:22

Health: -2/87      AC: 19    Str: 16    XL:     11   Next: 89%
Magic:  13/13      EV: 10    Int: 13    God:    Okawaru [****..]
Gold:   199        SH:  2    Dex: 10    Spells: 0 memorised, 10 levels left

rFire  + . .     SeeInvis +     w - +0 broad axe
rCold  . . .     Gourm    .     k - +1 chain mail
rNeg   . . .     Faith    .     a - -3 buckler of the Comet {rElec rPois rCorr Dex-2} (curse)
rPois  +         Spirit   .     d - +2 hat
rElec  +         Reflect  .     (no cloak)
rCorr  +         Harm     .     (no gloves)
MR     .....                    (no boots)
Stlth  ..........               (no amulet)
                                t - +6 ring of protection
                                q - ring of protection from fire

@: no status effects
A: antennae 1, see invisible
a: Heroism, Renounce Religion


You were on level 1 of the Lair of Beasts.
You worshipped Okawaru.
Okawaru was greatly pleased with you.
You were not hungry.

You visited 3 branches of the dungeon, and saw 12 of its levels.

You collected 436 gold pieces.
You spent 237 gold pieces at shops.

Inventory:

Hand Weapons
 w - a +0 broad axe (weapon)
Armour
 a - the cursed -3 buckler of the Comet (worn) {rElec rPois rCorr Dex-2}
   (You bought it in a shop on level 9 of the Dungeon)

   It affects your dexterity (-2).
   It insulates you from electricity.
   It protects you from poison.
   It protects you from acid and corrosion.
   It has a curse placed upon it.
 d - a +2 hat (worn)
 k - a +1 chain mail (worn)
Jewellery
 q - a ring of protection from fire (left hand)
 s - a +1 ring of protection
 t - a +6 ring of protection (right hand)
Wands
 b - a wand of acid (5/15)
 i - a wand of iceblast (7/15)
 j - a wand of heal wounds (0/9)
Scrolls
 c - a scroll of remove curse
 D - a scroll of enchant armour
Potions
 e - a potion of agility
 l - 5 potions of flight
 m - 2 potions of resistance
 n - a potion of might {unknown}
 r - a potion of cancellation {unknown}
 v - 2 potions of brilliance
 x - a potion of ambrosia {unknown}
 z - a potion of lignification {unknown}
 B - a potion of heal wounds {unknown}
 C - 2 potions of haste {unknown}
Comestibles
 f - a bread ration
 g - 13 fruits
 o - 4 meat rations
 E - 4 beef jerkies
 F - 2 slices of pizza


   Skills:
 + Level 8.8 Fighting
   Level 1.0 Short Blades
 + Level 7.8(8.0) Axes
   Level 2.2(5.4) Polearms
 + Level 8.0 Armour
 + Level 7.9 Dodging
 - Level 2.0 Stealth
 + Level 7.8 Shields
 + Level 3.2 Invocations


You had 10 spell levels left.
You didn't know any spells.

Dungeon Overview and Level Annotations

Branches:
Dungeon (10/15)            Temple (1/1) D:6            Lair (1/6) D:10
    Orc: D:9-12

Altars:
Ashenzari
Cheibriados
Dithmenos
Elyvilon
Nemelex Xobeh
Okawaru
Qazlal
Ru
Sif Muna
Trog
Uskayaw
Vehumet
Xom
Yredelemnul
Zin

Shops:
D:9 [

Annotations:
D:8 scalarboson's ghost, novice GrFE


Innate Abilities, Weirdness & Mutations

You have a pair of small antennae on your head.
You have supernaturally acute eyesight. (SInv)


Message History

The black mamba is moderately wounded.
Your chain mail prevents you from hitting the wolf.
You miss the wolf. The black mamba misses you. The wolf bites you!
The wolf bites you.
* * * LOW HITPOINT WARNING * * *
The black mamba bites you but does no damage.
The wolf bites you.
* * * LOW HITPOINT WARNING * * *
The wolf completely misses you. The black mamba closely misses you.
The wolf barely misses you.
The black mamba bites you but does no damage.
The wolf bites you but does no damage. The black mamba bites you!
* * * LOW HITPOINT WARNING * * *
The wolf bites you but does no damage. The wolf bites you.
* * * LOW HITPOINT WARNING * * *
You block the black mamba's attack. The wolf bites you.
* * * LOW HITPOINT WARNING * * *
The wolf bites you!
You die...

......$.......##
...............#P
..........."....
..............#
..%...........#
..............##
.......†..h...P#
..........S@..#
..........h...## .
...............#...
#.##P.##....##..#..
# ####..<.........
..........#####..
###.###.P## . #.
#..## # ##(#


You could see a black mamba and 2 wolves.

Vanquished Creatures
  The ghost of Shadowablaze the Markscentaur, a novice CeHu (D:7)
  A hill giant (D:10)
  3 trolls
  2 two-headed ogres
  A hippogriff (D:10)
  2 wraiths (D:10)
  A yak (D:7)
  Grum (D:10)
  3 hogs (D:7)
  A human (D:7)
  A hungry ghost (D:7)
  A water moccasin (D:9)
  4 black bears
  2 ice beasts
  4 sky beasts
  3 orc warriors
  An eye of draining (D:9)
  11 ogres
  5 wolves
  5 centaurs
  A crocodile (D:9)
  A big kobold (D:9)
  8 bullfrogs
  4 scorpions
  10 killer bees (D:10)
  A water moccasin skeleton (D:6)
  13 wights
  3 howler monkeys
  3 crimson imps
  4 jellies
  5 orc priests
  6 hounds
  14 orc wizards
  2 centaur skeletons
  3 iguanas
  9 worker ants
  A killer bee zombie (D:9)
  2 hound skeletons
  2 howler monkey skeletons
  16 adders
  5 shadow imps
  3 oozes
  2 adder skeletons
  4 worms
  3 dart slugs
  A leopard gecko (D:6)
  36 orcs
  11 giant cockroaches
  8 goblins
  8 hobgoblins
  17 jackals
  3 quokkas
  5 bats
  2 frilled lizards (D:1)
  A jackal skeleton (D:5)
  8 kobolds
  2 leopard gecko skeletons
  A leopard gecko zombie (D:6)
  A quokka skeleton (D:8)
  5 rats
287 creatures vanquished.

Vanquished Creatures (others)
  A worm (D:2)
1 creature vanquished.

Grand Total: 288 creatures vanquished

Notes
Turn   | Place    | Note
-------+----------+-------------------------------------------
     0 | D:1      | Gingerlord the Human Wanderer began the quest for the Orb.
     0 | D:1      | Gingerlord set off with: a +2 spear, a scroll of teleportation, a potion of curing, a +0 robe, a +0 dagger, a bread ration
     0 | D:1      | Reached XP level 1. HP: 19/19 MP: 1/1
   130 | D:1      | Reached XP level 2. HP: 22/25 MP: 2/2
   480 | D:1      | Reached skill level 1 in Armour
   573 | D:1      | Reached XP level 3. HP: 29/30 MP: 3/3
   976 | D:2      | Reached XP level 4. HP: 38/38 MP: 4/4
  1150 | D:2      | You fall through a shaft!
  1454 | D:3      | Reached XP level 5. HP: 29/43 MP: 5/5
  1814 | D:2      | Found a bloodstained altar of Trog.
  2095 | D:4      | Gained mutation: You have supernaturally acute eyesight. (SInv) [potion of beneficial mutation]
  2096 | D:4      | Gained mutation: You have a pair of small antennae on your head. [potion of beneficial mutation]
  2155 | D:4      | Reached skill level 1 in Axes
  2233 | D:4      | Noticed an ogre
  2331 | D:4      | Found a sand-covered staircase.
  2434 | D:4      | Reached XP level 6. HP: 50/50 MP: 6/6
  2502 | D:4      | Reached skill level 5 in Fighting
  2589 | D:4      | Reached XP level 7. HP: 24/56 MP: 7/7
  3175 | D:5      | Entered Level 5 of the Dungeon
  3626 | D:5      | Reached XP level 8. HP: 39/63 MP: 8/8
  5116 | D:6      | Reached XP level 9. HP: 57/69 MP: 9/9
  5172 | D:6      | Reached skill level 5 in Dodging
  5579 | D:6      | Reached skill level 5 in Armour
  6099 | D:6      | Found a staircase to the Ecumenical Temple.
  6111 | Temple   | Entered the Ecumenical Temple
  6169 | Temple   | Became a worshipper of Warmaster Okawaru
  6466 | D:7      | Reached skill level 5 in Shields
  6590 | D:7      | Noticed Shadowablaze's ghost (novice CeHu)
  6774 | D:7      | Killed Shadowablaze's ghost
  6774 | D:7      | Reached * piety under Okawaru
  6774 | D:7      | Reached skill level 5 in Axes
  6774 | D:7      | Reached XP level 10. HP: 44/79 MP: 10/10
  6971 | D:7      | Reached ** piety under Okawaru
  7238 | D:7      | Noticed a cyclops
  8016 | D:7      | Found a snail-covered altar of Cheibriados.
  8357 | D:8      | Noticed scalarboson's ghost (novice GrFE)
  8411 | D:7      | Reached *** piety under Okawaru
  9688 | D:9      | Reached XP level 11. HP: 63/86 MP: 11/11
  9865 | D:9      | Found a sparkling altar of Nemelex Xobeh.
 11400 | D:9      | Reached skill level 1 in Invocations
 11997 | D:9      | Reached **** piety under Okawaru
 12285 | D:9      | Found Reggo's Antique Armour Shoppe.
 12288 | D:9      | Bought a transparent buckler for 237 gold pieces
 12440 | D:10     | Entered Level 10 of the Dungeon
 14021 | D:10     | Noticed a hill giant
 14356 | D:10     | Found a staircase to the Lair.
 14364 | D:10     | Noticed Grum
 14396 | D:10     | Killed Grum
 14789 | D:10     | Killed a hill giant
 15086 | D:10     | Identified the cursed -3 buckler of the Comet {rElec rPois rCorr Dex-2} (You bought it in a shop on level 9 of the Dungeon)
 15205 | D:10     | Noticed a hill giant
 15928 | Lair:1   | Entered Level 1 of the Lair of Beasts
 15949 | Lair:1   | Slain by a wolf

Skill      XL: |  1  2  3  4  5  6  7  8  9 10 11 |
---------------+----------------------------------+-----
Armour         | 1 2 3 4 5 6 8 |  8.0
Dodging        | 2 3 4 6 7 |  7.9
Polearms       | 2 |  2.2
Axes           | 1 2 4 5 6 7 |  7.8
Shields        | 2 3 4 5 6 7 |  7.8
Fighting       | 5 6 7 8 |  8.8
Invocations    | 3 |  3.2
Short Blades   | |  1.0
Stealth        | |  2.0

Action                   |  1- 3 |  4- 6 |  7- 9 | 10-12 || total
-------------------------+-------+-------+-------+-------++-------
Melee: Spear             |    84 |   204 |   543 |   781 ||  1612
       Trident           |       |       |   106 |       ||   106
       Battleaxe         |       |       |       |   333 ||   333
       Broad axe         |       |       |       |    52 ||    52
Invok: Heroism           |       |       |       |    16 ||    16
Evoke: Wand              |       |       |       |     1 ||     1
  Use: Scroll            |       |    11 |     2 |     9 ||    22
       Potion            |       |     2 |     1 |     7 ||    10
 Stab: Sleeping          |     4 |       |       |       ||     4
  Eat: Chunk             |       |     3 |     8 |     8 ||    19
       Bread ration      |       |     1 |     1 |     4 ||     6
       Pizza             |       |       |       |     5 ||     5
       Royal jelly       |       |       |       |     2 ||     2
       Meat ration       |       |       |       |     1 ||     1
Armor: Robe              |     4 |       |       |       ||     4
       Ring mail         |    10 |    33 |       |       ||    43
       Chain mail        |       |    42 |   293 |   760 ||  1095
Dodge: Dodged            |    37 |    77 |   154 |   584 ||   852
Block: Buckler           |       |    18 |   117 |   153 ||   288
